 Dungeon Crawl Stone Soup version 0.31-a0-1074-g0b22e4e0f1 (webtiles) character file.

Game seed: 2517545998324878141

57 Jeffwins the Shooter (level 3, 0/29 HPs)
             Began as an Armataur Hunter on Nov 27, 2023.
             Slain by a goblin
             ... wielding a +0 club
             ... led by Robin
              (3 damage)
             ... on level 2 of the Dungeon.
             The game lasted 00:01:44 (961 turns).

Jeffwins the Shooter (Armataur Hunter)               Turns: 961, Time: 00:01:44

Health: 0/29       AC:  4    Str: 16    XL:     3   Next: 73%
Magic:  3/3        EV:  9    Int: 11    God:
Gold:   122        SH:  0    Dex: 13    Spells: 2/2 levels left

rFire   . . .        a - +0 shortbow
rCold   . . .        (shield currently unavailable)
rNeg    . . .        c - +0 leather armour
rPois   .            (no helmet)
rElec   .            (no cloak)
rCorr   .            (no gloves)
SInv    .            (no barding)
Will    .....        (no amulet)
Stlth   ++           (no ring)
HPRegen 0.24/turn    (no ring)
MPRegen 0.08/turn

%: roll
@: no status effects
A: large, deformed body, tough skin 3, armoured tail, roll 1, long tongue
a: no special abilities


You were on level 2 of the Dungeon.
You visited 1 branch of the dungeon, and saw 2 of its levels.

You collected 122 gold pieces.


Innate Abilities, Weirdness & Mutations

Armour fits poorly on your strangely shaped body.
You have extremely tough skin. (AC +3)
You have a long armoured tail.
You roll when moving toward enemies. (Rampage)
Your long tongue fully drains potion bottles. (2x potion effects)


   Skills:
 - Level 2.0 Fighting
 * Level 3.7 Ranged Weapons
 - Level 1.3 Dodging
 + Level 2.6 Stealth


You had 2 spell levels left.
You didn't know any spells.
Your spell library contained the following spells:

 Spells                   Type           Power      Damage    Failure   Level
 Sting                    Tmut/Pois      0%         1d3       41%         1
 Cigotuvi's Dreadful Rot  Necr/Pois/Air  0%         N/A       54%         2
 Passwall                 Tmut/Erth      0%         N/A       54%         2
 Poisonous Vapours        Pois/Air       0%         N/A       54%         2
 Olgreb's Toxic Radiance  Pois           0%         N/A       99%         4
 Arcjolt                  Conj/Air       0%         1d10      100%        5
 Conjure Ball Lightning   Conj/Air       0%         3x3d6     100%        6

Inventory:

Hand Weapons
 a - a +0 shortbow (weapon)
 k - a +0 dagger of venom
Missiles
 e - 4 poisoned darts
Armour
 c - a +0 leather armour (worn)
Scrolls
 b - a scroll of butterflies
 f - a scroll of enchant weapon {unknown}
 g - a scroll of teleportation {@r4}
 i - a scroll of amnesia {unknown}
Potions
 d - a potion of magic {unknown}
 h - 3 potions of curing {unknown}
 j - a potion of brilliance {unknown}
 l - a potion of mutation {unknown}

Dungeon Overview and Level Annotations

Branches:
Dungeon (2/15)

Altars:

Annotations:
D:1 2 transporters
D:2 Robin

# #g# #.# ##..#### #.
#.# #.# #.......
#..####.#
##.###.#.####
#.......#####...##.#.#
#
##.##...........##.#.#
#
#.##.#######...##.#.#
# #....#####
######.#..
###...g.)#### #.###
.......#..@....# #.
...###.#.#####.# .
#.#g# .g .# .g .# #).
.#


g.g .. You could see a goblin.


Message History

The goblin is moderately wounded.
The goblin hits you with a +0 club.
* * * LOW HITPOINT WARNING * * *
The goblin hits you but does no damage.
Unknown command.
You shoot an arrow. The arrow barely misses the goblin.
The goblin closely misses you. The goblin hits you but does no damage.
Unknown command.
You shoot an arrow. The arrow completely misses the goblin.
The goblin closely misses you. x2; The goblin hits you but does no damage.
The goblin hits you with a +0 club.
* * * LOW HITPOINT WARNING * * *
Unknown command.
You shoot an arrow. The arrow hits the goblin.
You kill the goblin!
The goblin barely misses you.
Unknown command.
You shoot an arrow. The arrow closely misses the goblin.
The goblin hits you with a +0 club.
* * * LOW HITPOINT WARNING * * *
Unknown command.
You shoot an arrow.
The arrow hits the goblin but does no damage.
The goblin hits you with a +0 club.
* * * LOW HITPOINT WARNING * * *
Unknown command.
You shoot an arrow. The arrow hits the goblin.
The goblin is moderately wounded.
The goblin hits you with a +0 club.
You die...

Skill      XL: |  1  2 |
---------------+-------+-----
Ranged Weapons | 3 |  3.7
Fighting       | 2 |  2.0
Stealth        | 2 |  2.6
Dodging        | |  1.3

Action                     || total
---------------------------++-------
   Fire: Shortbow          ||   115
    Use: Scroll            ||     1
 Armour: Leather armour    ||    45
  Dodge: Dodged            ||    14

Levels and vault maps discovered:
D:1:      spicycebolla_arrival_transporter_tutorial, layout_loops_cross,
          shapermc_ecumenical_altar_pompeii, minmay_misc_feat_four_crosses,
          minivault_27, hex_medium
D:2:      minmay_thinvault, layout_loops_ring, serial_shops, shop,
          nicolae_shop_behind_doors, uniq_robin

Notes
Turn   | Place    | Note
-------+----------+-------------------------------------------
     0 | D:1      | Jeffwins the Armataur Hunter began the quest for the Orb.
     0 | D:1      | Reached XP level 1. HP: 17/17 MP: 1/1
    45 | D:1      | Reached skill level 3 in Ranged Weapons
    93 | D:1      | Found a faded altar of an unknown god.
   211 | D:1      | Reached skill level 2 in Fighting
   211 | D:1      | Reached XP level 2. HP: 24/24 MP: 2/2
   430 | D:1      | Got the Dissertation on Overhead Transmigration
   456 | D:1      | Reached skill level 2 in Stealth
   710 | D:2      | Reached XP level 3. HP: 29/29 MP: 3/3
   929 | D:2      | Noticed Robin
   961 | D:2      | Slain by a goblin

Vanquished Creatures
  An adder (D:2)
  A dart slug (D:2)
  3 ball pythons
  5 bats
  6 endoplasms
  A giant cockroach (D:1)
  5 hobgoblins
  2 quokkas (D:1)
  7 goblins
  4 kobolds
  4 rats
39 creatures vanquished.

Table legend: (Time is in decaauts)
 A = Elapsed time spent in this place.
 B = Non-inter-level travel time spent in this place.
 C = Inter-level travel time spent in this place.
 D = Time resting spent in this place.
 E = Time spent auto-exploring this place.
 F = Levels seen in this place.
 G = Mean time per level.
                   A        B        C        D        E       F      G
               +--------+--------+--------+--------+--------+-----+--------+
         Total |    990 |    953 |     37 |      0 |    712 |   2 |  495.0 |
       Dungeon |    990 |    953 |     37 |      0 |    712 |   2 |  495.0 |
               +--------+--------+--------+--------+--------+-----+--------+

Top non-repeatable levels by time:
     D:1: 715 daAuts
     D:2: 274 daAuts

Table legend:
 A = Non-vault XP
 B = Vault XP
 C = Vault XP percentage of total XP
 D = Non-vault monster count
 E = Vault monster count
 F = Vault count percentage of total count
                 A         B        C        D         E       F
            +---------+---------+-------+---------+---------+-------
      Total |      48 |      34 |  41.5 |      25 |      14 |  35.9
            +---------+---------+-------+---------+---------+-------
        D:1 |      38 |       0 |   0.0 |      21 |       0 |   0.0
        D:2 |      10 |      34 |  77.3 |       4 |      14 |  77.8
            +---------+---------+-------+---------+---------+-------
